Unix NetHack Version 3.7.0-65 Work-in-progress - last build Oct 3 2022 04:20:45 (938f679fcd32a3c70215a73001258fd12811ee3d,branch:master).

Game began 2022-10-05 18:17:27, ended 2022-10-07 23:12:43.

spontiff, neutral male gnomish Healer

  
unexplored area
unexplored area
unexplored area
unexplored area
unexplored area
unexplored area
unexplored area
unexplored area
unexplored area
unexplored area
unexplored area
unexplored area
unexplored area
unexplored area
unexplored area
unexplored area
unexplored area
unexplored area
unexplored area
unexplored area
unexplored area
unexplored area
unexplored area
unexplored area
unexplored area
unexplored area
unexplored area
unexplored area
unexplored area
unexplored area
unexplored area
unexplored area
unexplored area
unexplored area
unexplored area
unexplored area
unexplored area
unexplored area
unexplored area
unexplored area
unexplored area
unexplored area
unexplored area
unexplored area
unexplored area
unexplored area
unexplored area
unexplored area
unexplored area
unexplored area
unexplored area
unexplored area
unexplored area
unexplored area
unexplored area
unexplored area
unexplored area
unexplored area
unexplored area
unexplored area
unexplored area
unexplored area
unexplored area
unexplored area
unexplored area
unexplored area
unexplored area
unexplored area
unexplored area
unexplored area
unexplored area
unexplored area
unexplored area
unexplored area
unexplored area
unexplored area
unexplored area
unexplored area
unexplored area
unexplored area
unexplored area
unexplored area
unexplored area
unexplored area
unexplored area
unexplored area
unexplored area
unexplored area
unexplored area
unexplored area
unexplored area
unexplored area
unexplored area
unexplored area
unexplored area
wall
wall
wall
wall
wall
stone
stone
stone
stone
unexplored area
unexplored area
unexplored area
stone
stone
stone
unexplored area
unexplored area
unexplored area
unexplored area
unexplored area
unexplored area
unexplored area
unexplored area
unexplored area
unexplored area
unexplored area
unexplored area
unexplored area
unexplored area
unexplored area
unexplored area
unexplored area
unexplored area
unexplored area
unexplored area
unexplored area
unexplored area
unexplored area
unexplored area
unexplored area
unexplored area
unexplored area
unexplored area
unexplored area
unexplored area
unexplored area
unexplored area
unexplored area
unexplored area
unexplored area
unexplored area
unexplored area
unexplored area
unexplored area
unexplored area
unexplored area
unexplored area
unexplored area
unexplored area
unexplored area
unexplored area
unexplored area
unexplored area
unexplored area
unexplored area
unexplored area
unexplored area
wall
wall
wall
wall
wall
wall
wall
wall
stone
stone
stone
stone
wall
.dark part of a room
.dark part of a room
.dark part of a room
wall
stone
corridor
corridor
stone
unexplored area
unexplored area
unexplored area
stone
corridor
stone
unexplored area
unexplored area
unexplored area
unexplored area
unexplored area
unexplored area
unexplored area
unexplored area
unexplored area
unexplored area
unexplored area
unexplored area
unexplored area
unexplored area
unexplored area
unexplored area
unexplored area
unexplored area
unexplored area
unexplored area
unexplored area
unexplored area
unexplored area
unexplored area
unexplored area
unexplored area
unexplored area
unexplored area
unexplored area
unexplored area
unexplored area
unexplored area
unexplored area
unexplored area
unexplored area
unexplored area
unexplored area
wall
wall
wall
wall
wall
wall
wall
wall
wall
wall
unexplored area
unexplored area
unexplored area
unexplored area
unexplored area
wall
.dark part of a room
0a boulder
.dark part of a room
.dark part of a room
.dark part of a room
.dark part of a room
-open door
corridor
)an orcish dagger
corridor
corridor
wall
.dark part of a room
.dark part of a room
.dark part of a room
.doorway
corridor
corridor
stone
stone
stone
stone
stone
wall
|open door
wall
wall
wall
stone
unexplored area
unexplored area
unexplored area
unexplored area
unexplored area
unexplored area
unexplored area
unexplored area
unexplored area
unexplored area
unexplored area
unexplored area
unexplored area
unexplored area
unexplored area
unexplored area
unexplored area
unexplored area
unexplored area
unexplored area
unexplored area
unexplored area
unexplored area
unexplored area
unexplored area
unexplored area
unexplored area
unexplored area
unexplored area
unexplored area
unexplored area
unexplored area
unexplored area
unexplored area
wall
.dark part of a room
.dark part of a room
.dark part of a room
.dark part of a room
.dark part of a room
.dark part of a room
.dark part of a room
.dark part of a room
wall
unexplored area
unexplored area
unexplored area
unexplored area
unexplored area
wall
.dark part of a room
.dark part of a room
.dark part of a room
.dark part of a room
.dark part of a room
.dark part of a room
wall
stone
*9 rocks
corridor
(an empty unlocked chest
wall
.dark part of a room
.dark part of a room
.dark part of a room
.doorway
stone
corridor
stone
corridor
corridor
corridor
corridor
.doorway
.dark part of a room
.dark part of a room
.dark part of a room
.doorway
corridor
stone
unexplored area
unexplored area
unexplored area
unexplored area
unexplored area
unexplored area
unexplored area
unexplored area
unexplored area
unexplored area
unexplored area
unexplored area
unexplored area
unexplored area
unexplored area
unexplored area
unexplored area
unexplored area
unexplored area
unexplored area
unexplored area
unexplored area
unexplored area
unexplored area
unexplored area
unexplored area
unexplored area
unexplored area
unexplored area
unexplored area
unexplored area
stone
stone
wall
.dark part of a room
.dark part of a room
.dark part of a room
.dark part of a room
.dark part of a room
.dark part of a room
.dark part of a room
.dark part of a room
wall
unexplored area
unexplored area
unexplored area
unexplored area
unexplored area
wall
.dark part of a room
.dark part of a room
.dark part of a room
.dark part of a room
)an arrow
.dark part of a room
wall
stone
corridor
corridor
corridor
.doorway
.dark part of a room
.dark part of a room
.dark part of a room
-open door
corridor
corridor
"web
corridor
stone
stone
stone
wall
<staircase up
.dark part of a room
.dark part of a room
wall
Bbat
stone
stone
stone
unexplored area
unexplored area
unexplored area
unexplored area
unexplored area
unexplored area
unexplored area
unexplored area
unexplored area
unexplored area
unexplored area
unexplored area
unexplored area
unexplored area
unexplored area
unexplored area
unexplored area
unexplored area
unexplored area
unexplored area
unexplored area
unexplored area
unexplored area
unexplored area
unexplored area
unexplored area
unexplored area
unexplored area
unexplored area
stone
corridor
-open door
.dark part of a room
.dark part of a room
.dark part of a room
%a giant spider corpse
.dark part of a room
.dark part of a room
.dark part of a room
.dark part of a room
wall
unexplored area
unexplored area
unexplored area
unexplored area
unexplored area
wall
.dark part of a room
.dark part of a room
.dark part of a room
.dark part of a room
.dark part of a room
.dark part of a room
wall
stone
corridor
corridor
corridor
.doorway
wall
.doorway
.doorway
wall
stone
stone
stone
stone
unexplored area
unexplored area
unexplored area
wall
.dark part of a room
.dark part of a room
.dark part of a room
wall
corridor
corridor
corridor
stone
stone
unexplored area
unexplored area
unexplored area
unexplored area
unexplored area
unexplored area
unexplored area
unexplored area
unexplored area
unexplored area
unexplored area
unexplored area
unexplored area
unexplored area
unexplored area
unexplored area
unexplored area
unexplored area
unexplored area
unexplored area
unexplored area
unexplored area
unexplored area
unexplored area
unexplored area
unexplored area
unexplored area
unexplored area
stone
corridor
wall
.dark part of a room
.dark part of a room
.dark part of a room
%a rock mole corpse
.dark part of a room
.dark part of a room
"web
.dark part of a room
wall
unexplored area
unexplored area
unexplored area
unexplored area
unexplored area
wall
wall
wall
#iron bars
wall
.doorway
wall
wall
stone
*8 rocks
stone
corridor
corridor
corridor
stone
stone
unexplored area
unexplored area
unexplored area
unexplored area
unexplored area
unexplored area
unexplored area
unexplored area
wall
.dark part of a room
.dark part of a room
.dark part of a room
wall
stone
stone
corridor
efloating eye
stone
stone
stone
unexplored area
unexplored area
unexplored area
unexplored area
wall
wall
wall
wall
wall
wall
wall
unexplored area
unexplored area
unexplored area
unexplored area
unexplored area
unexplored area
unexplored area
unexplored area
unexplored area
unexplored area
unexplored area
unexplored area
unexplored area
stone
stone
stone
corridor
wall
.dark part of a room
.dark part of a room
.dark part of a room
.dark part of a room
.dark part of a room
.dark part of a room
.dark part of a room
.dark part of a room
wall
unexplored area
unexplored area
unexplored area
unexplored area
unexplored area
unexplored area
unexplored area
unexplored area
unexplored area
stone
corridor
stone
unexplored area
stone
stone
corridor
stone
corridor
corridor
stone
stone
unexplored area
unexplored area
unexplored area
unexplored area
unexplored area
unexplored area
unexplored area
unexplored area
wall
.dark part of a room
.dark part of a room
.dark part of a room
wall
unexplored area
stone
stone
lit corridor
@invisible gnomish healer called spontiff
agiant ant
stone
stone
stone
stone
stone
wall
.dark part of a room
.dark part of a room
.dark part of a room
.dark part of a room
.dark part of a room
wall
stone
stone
stone
stone
stone
stone
unexplored area
unexplored area
unexplored area
unexplored area
unexplored area
unexplored area
unexplored area
stone
corridor
corridor
corridor
.doorway
.dark part of a room
.dark part of a room
.dark part of a room
.dark part of a room
.dark part of a room
.dark part of a room
.dark part of a room
.dark part of a room
wall
unexplored area
unexplored area
unexplored area
unexplored area
unexplored area
unexplored area
unexplored area
unexplored area
unexplored area
stone
corridor
stone
unexplored area
unexplored area
unexplored area
unexplored area
corridor
stone
corridor
corridor
corridor
unexplored area
unexplored area
unexplored area
unexplored area
unexplored area
unexplored area
unexplored area
unexplored area
wall
wall
.broken door
.doorway
.doorway
unexplored area
unexplored area
stone
stone
rrock mole
Ggnome
corridor
)an arrow
corridor
corridor
corridor
.doorway
.dark part of a room
.dark part of a room
.dark part of a room
.dark part of a room
.dark part of a room
.doorway
corridor
corridor
corridor
corridor
corridor
stone
unexplored area
unexplored area
unexplored area
unexplored area
unexplored area
unexplored area
unexplored area
stone
corridor
0a boulder
"web
.doorway
wall
wall
.doorway
wall
wall
wall
wall
wall
wall
unexplored area
unexplored area
unexplored area
unexplored area
unexplored area
unexplored area
unexplored area
unexplored area
unexplored area
stone
corridor
stone
stone
stone
unexplored area
unexplored area
unexplored area
stone
stone
corridor
*some stones
stone
unexplored area
unexplored area
unexplored area
unexplored area
unexplored area
unexplored area
unexplored area
unexplored area
stone
corridor
corridor
stone
unexplored area
unexplored area
unexplored area
unexplored area
unexplored area
Ggnome king
stone
stone
corridor
corridor
stone
wall
.dark part of a room
.dark part of a room
.dark part of a room
.dark part of a room
.dark part of a room
wall
stone
corridor
stone
stone
corridor
stone
stone
stone
stone
stone
stone
stone
stone
stone
"web
stone
corridor
stone
unexplored area
stone
corridor
stone
unexplored area
unexplored area
unexplored area
unexplored area
unexplored area
unexplored area
unexplored area
unexplored area
unexplored area
unexplored area
unexplored area
unexplored area
unexplored area
unexplored area
stone
corridor
corridor
corridor
stone
unexplored area
unexplored area
unexplored area
stone
*8 rocks
"web
corridor
stone
unexplored area
unexplored area
unexplored area
unexplored area
unexplored area
unexplored area
unexplored area
unexplored area
stone
stone
corridor
stone
unexplored area
unexplored area
unexplored area
unexplored area
stone
stone
corridor
corridor
corridor
corridor
corridor
.doorway
.dark part of a room
.dark part of a room
.dark part of a room
.dark part of a room
.dark part of a room
-open door
)a dart
corridor
corridor
corridor
corridor
corridor
corridor
corridor
corridor
"web
corridor
"web
corridor
corridor
corridor
)a dart
corridor
stone
unexplored area
stone
corridor
stone
unexplored area
unexplored area
unexplored area
unexplored area
unexplored area
unexplored area
unexplored area
unexplored area
unexplored area
unexplored area
unexplored area
unexplored area
unexplored area
unexplored area
stone
stone
stone
corridor
stone
unexplored area
unexplored area
unexplored area
stone
stone
corridor
stone
stone
unexplored area
unexplored area
unexplored area
unexplored area
unexplored area
unexplored area
unexplored area
unexplored area
unexplored area
stone
corridor
stone
unexplored area
unexplored area
unexplored area
corridor
corridor
corridor
corridor
corridor
corridor
stone
stone
wall
.doorway
.doorway
.doorway
wall
wall
wall
stone
stone
unexplored area
stone
stone
stone
corridor
corridor
corridor
stone
stone
*some stones
stone
stone
stone
corridor
corridor
stone
unexplored area
unexplored area
unexplored area
unexplored area
unexplored area
unexplored area
unexplored area
unexplored area
unexplored area
unexplored area
unexplored area
unexplored area
unexplored area
unexplored area
unexplored area
unexplored area
unexplored area
unexplored area
unexplored area
unexplored area
stone
corridor
stone
unexplored area
unexplored area
unexplored area
unexplored area
stone
corridor
corridor
stone
unexplored area
unexplored area
unexplored area
unexplored area
unexplored area
unexplored area
unexplored area
unexplored area
unexplored area
stone
corridor
stone
unexplored area
unexplored area
stone
corridor
corridor
stone
stone
unexplored area
unexplored area
unexplored area
unexplored area
unexplored area
unexplored area
unexplored area
unexplored area
unexplored area
unexplored area
unexplored area
unexplored area
unexplored area
unexplored area
unexplored area
unexplored area
stone
stone
corridor
stone
corridor
corridor
wall
wall
wall
wall
wall
corridor
stone
unexplored area
unexplored area
unexplored area
unexplored area
unexplored area
unexplored area
unexplored area
unexplored area
unexplored area
unexplored area
unexplored area
unexplored area
unexplored area
unexplored area
unexplored area
unexplored area
unexplored area
unexplored area
unexplored area
unexplored area
stone
corridor
stone
unexplored area
unexplored area
unexplored area
unexplored area
stone
corridor
stone
stone
unexplored area
unexplored area
unexplored area
unexplored area
unexplored area
unexplored area
unexplored area
unexplored area
unexplored area
stone
corridor
stone
unexplored area
stone
stone
corridor
stone
corridor
unexplored area
unexplored area
unexplored area
unexplored area
unexplored area
unexplored area
unexplored area
unexplored area
unexplored area
unexplored area
unexplored area
unexplored area
unexplored area
unexplored area
unexplored area
unexplored area
unexplored area
unexplored area
stone
corridor
corridor
corridor
corridor
.doorway
.dark part of a room
.dark part of a room
.dark part of a room
.doorway
corridor
*some stones
unexplored area
unexplored area
unexplored area
unexplored area
unexplored area
unexplored area
unexplored area
unexplored area
unexplored area
unexplored area
unexplored area
unexplored area
unexplored area
unexplored area
unexplored area
unexplored area
unexplored area
unexplored area
unexplored area
unexplored area
stone
corridor
stone
unexplored area
unexplored area
unexplored area
unexplored area
stone
corridor
stone
unexplored area
unexplored area
unexplored area
unexplored area
unexplored area
unexplored area
unexplored area
unexplored area
unexplored area
unexplored area
stone
)2 darts
stone
stone
stone
corridor
corridor
stone
unexplored area
unexplored area
unexplored area
unexplored area
unexplored area
unexplored area
unexplored area
unexplored area
unexplored area
unexplored area
unexplored area
unexplored area
unexplored area
unexplored area
unexplored area
unexplored area
unexplored area
unexplored area
unexplored area
unexplored area
stone
stone
stone
stone
wall
<branch staircase up
.dark part of a room
.dark part of a room
wall
stone
stone
unexplored area
unexplored area
unexplored area
unexplored area
unexplored area
unexplored area
unexplored area
unexplored area
unexplored area
unexplored area
unexplored area
unexplored area
unexplored area
unexplored area
unexplored area
unexplored area
unexplored area
unexplored area
wall
wall
wall
.doorway
wall
wall
wall
wall
wall
wall
corridor
stone
unexplored area
unexplored area
unexplored area
unexplored area
unexplored area
stone
stone
stone
unexplored area
wall
wall
.broken door
wall
wall
corridor
corridor
stone
unexplored area
unexplored area
unexplored area
unexplored area
unexplored area
unexplored area
unexplored area
unexplored area
unexplored area
unexplored area
unexplored area
unexplored area
unexplored area
unexplored area
unexplored area
unexplored area
unexplored area
unexplored area
unexplored area
unexplored area
unexplored area
unexplored area
unexplored area
unexplored area
unexplored area
wall
.dark part of a room
.dark part of a room
.dark part of a room
wall
unexplored area
unexplored area
unexplored area
unexplored area
unexplored area
unexplored area
unexplored area
unexplored area
unexplored area
unexplored area
unexplored area
unexplored area
unexplored area
unexplored area
unexplored area
unexplored area
unexplored area
unexplored area
unexplored area
unexplored area
wall
.dark part of a room
.dark part of a room
.dark part of a room
.dark part of a room
(a bell
|grave
.dark part of a room
>staircase down
wall
corridor
stone
stone
stone
stone
stone
stone
stone
corridor
stone
stone
wall
.dark part of a room
.dark part of a room
.dark part of a room
.doorway
corridor
stone
unexplored area
unexplored area
unexplored area
unexplored area
unexplored area
unexplored area
unexplored area
unexplored area
unexplored area
unexplored area
unexplored area
unexplored area
unexplored area
unexplored area
unexplored area
unexplored area
unexplored area
unexplored area
unexplored area
unexplored area
unexplored area
unexplored area
unexplored area
unexplored area
unexplored area
unexplored area
wall
wall
wall
wall
wall
unexplored area
unexplored area
unexplored area
unexplored area
unexplored area
unexplored area
unexplored area
unexplored area
unexplored area
unexplored area
unexplored area
unexplored area
unexplored area
unexplored area
unexplored area
unexplored area
unexplored area
unexplored area
unexplored area
unexplored area
wall
.dark part of a room
.dark part of a room
.dark part of a room
.dark part of a room
.dark part of a room
.dark part of a room
.dark part of a room
.dark part of a room
.doorway
corridor
corridor
corridor
corridor
corridor
corridor
corridor
corridor
corridor
corridor
corridor
.doorway
.dark part of a room
.dark part of a room
.dark part of a room
wall
stone
stone
unexplored area
unexplored area
unexplored area
unexplored area
unexplored area
unexplored area
unexplored area
unexplored area
unexplored area
unexplored area
unexplored area
unexplored area
unexplored area
unexplored area
unexplored area
unexplored area
unexplored area
unexplored area
unexplored area
unexplored area
unexplored area
unexplored area
unexplored area
unexplored area
unexplored area
unexplored area
unexplored area
unexplored area
unexplored area
unexplored area
unexplored area
unexplored area
unexplored area
unexplored area
unexplored area
unexplored area
unexplored area
unexplored area
unexplored area
unexplored area
unexplored area
unexplored area
unexplored area
unexplored area
unexplored area
unexplored area
unexplored area
unexplored area
unexplored area
unexplored area
unexplored area
wall
wall
wall
wall
wall
wall
wall
wall
wall
wall
stone
stone
stone
stone
stone
stone
stone
stone
stone
stone
stone
wall
wall
wall
wall
wall
unexplored area
unexplored area
unexplored area
unexplored area
unexplored area
unexplored area
unexplored area
unexplored area
unexplored area
unexplored area
unexplored area
unexplored area
unexplored area
unexplored area
unexplored area
unexplored area
unexplored area
unexplored area
unexplored area
unexplored area
unexplored area
unexplored area
unexplored area
unexplored area
unexplored area
unexplored area
unexplored area
unexplored area
unexplored area
unexplored area
unexplored area
unexplored area
unexplored area
unexplored area
unexplored area
unexplored area
unexplored area
unexplored area
unexplored area
unexplored area
unexplored area
unexplored area
unexplored area
unexplored area
unexplored area
unexplored area
unexplored area
unexplored area
unexplored area
unexplored area
unexplored area
unexplored area
unexplored area
unexplored area
unexplored area
unexplored area
unexplored area
unexplored area
unexplored area
unexplored area
unexplored area
unexplored area
unexplored area
unexplored area
unexplored area
unexplored area
unexplored area
unexplored area
unexplored area
unexplored area
unexplored area
unexplored area
unexplored area
unexplored area
unexplored area
unexplored area
unexplored area
unexplored area
unexplored area
unexplored area
unexplored area
unexplored area
unexplored area
unexplored area
unexplored area
unexplored area
unexplored area
unexplored area
unexplored area
unexplored area
unexplored area
unexplored area
unexplored area
unexplored area
unexplored area
unexplored area
unexplored area
unexplored area
unexplored area
unexplored area
unexplored area
unexplored area
unexplored area
unexplored area
unexplored area
unexplored area
unexplored area
unexplored area
unexplored area
unexplored area
unexplored area
unexplored area
unexplored area
unexplored area
unexplored area
unexplored area
unexplored area
unexplored area
unexplored area
unexplored area
unexplored area
unexplored area
unexplored area
unexplored area
[Spontiff the Rhizotomist ] St:12 Dx:10 Co:17 In:8 Wi:14 Ch:17 Neutral S:500 Dlvl:10 $:0 HP:0(39) Pw:4(4) AC:-16 Xp:1/0 T:16626 Hungry

Latest messages:

The giant ant misses!
The rock mole bites!
The giant ant bites!
The giant ant misses!
The giant ant misses!
The rock mole misses!
The gnome swings his bow.
The gnome misses!
The giant ant bites!
The rock mole bites!
The giant ant bites!
The giant ant misses!
The gnome swings his bow.
The gnome misses!
The giant ant bites!
The giant ant misses!
The gnome swings his bow.
The gnome misses!
The giant ant misses!
The giant ant misses!
The gnome swings his bow.
The gnome misses!
The giant ant bites!
The giant ant misses!
The giant ant bites!
The rock mole bites!
The giant ant misses!
The giant ant misses!
The gnome swings his bow.
The gnome misses!
The giant ant bites!
The giant ant misses!
The rock mole misses!
The giant ant misses!
The gnome swings his bow.
The gnome misses!
The giant ant bites!
The giant ant misses!
The giant ant bites!
The giant ant just misses!
The gnome swings his bow.
The gnome misses!
The giant ant misses!
The giant ant misses!
The giant ant misses!
The gnome swings his bow.
The gnome hits!
You die...
Do you want your possessions identified? [ynq] (y) y
Do you want to see the dungeon overview? [ynq] (y) y

Inventory:

Amulets

A - an uncursed amulet of guarding (being worn)

Armor

h - an uncursed +1 dwarvish iron helm (being worn)
g - an uncursed +1 pair of leather gloves (being worn)
v - a blessed +2 pair of iron shoes (being worn)
r - a blessed +0 small shield (being worn)
q - an uncursed burnt +1 dwarvish cloak (being worn)
Q - an uncursed +0 mummy wrapping
d - a blessed +1 studded leather armor (being worn)

Comestibles

y - an uncursed apple
n - an uncursed food ration
u - an uncursed partly eaten food ration
p - an uncursed tripe ration
i - an uncursed lizard corpse

Rings

K - an uncursed ring of conflict
Y - a cursed ring of polymorph
D - a cursed ring of slow digestion

Wands

S - an uncursed wand of sleep named SMOKY FH (0:2)
Z - an uncursed wand of speed monster (0:4)

Tools

f - a blessed bag of holding containing 40 items
x - an uncursed brass lantern
z - an uncursed leash
k - an uncursed lock pick
o - an uncursed magic whistle
w - an uncursed mirror
G - a cursed oil lamp
s - an uncursed stethoscope
t - an uncursed towel named CoFiPo SI

Gems/Stones

E - an uncursed topaz stone

Contents of the bag of holding:

631 gold pieces
2 uncursed tripe rations
an uncursed tripe ration
a cursed scroll of amnesia
an uncursed scroll of blank paper
a blessed scroll of earth
an uncursed scroll of earth
an uncursed scroll of enchant armor
a blessed scroll of fire
an uncursed scroll of genocide
a blessed scroll of identify
3 uncursed scrolls of teleportation
an uncursed spellbook of knock
a blessed potion of gain ability
an uncursed potion of gain ability
a blessed potion of oil
a blessed potion of paralysis
an uncursed potion of water
an uncursed ring of cold resistance
an uncursed ring of fire resistance
an uncursed ring of fire resistance
an uncursed +2 ring of increase damage
an uncursed ring of levitation
an uncursed ring of polymorph control
an uncursed ring of searching
an uncursed ring of see invisible
an uncursed ring of shock resistance
an uncursed ring of stealth
a cursed ring of stealth
an uncursed ring of sustain ability
an uncursed ring of teleport control
an uncursed ring of warning
an uncursed ring of warning
an uncursed wand of secret door detection (0:15)
an uncursed oil lamp
an uncursed +0 pick-axe
an uncursed amethyst stone
an uncursed aquamarine stone
an uncursed topaz stone
an uncursed worthless piece of green glass

Spontiff the Healer's attributes:


Background:

You were a Rhizotomist, a level 1 male gnomish Healer.
You were neutral, on a mission for Hermes
who was opposed by Athena (lawful) and Poseidon (chaotic).
You were in the Dungeons of Doom, on level 10.
You entered the dungeon 16626 turns ago.
It was nighttime.
You had 0 experience points, 20 were needed to attain level 2.
Your score was 500 before end-of-game adjustments.

Basics:

You had 0 out of 39 hit points.
You had all 4 energy points (spell power).
Your armor class was -16.
Your wallet was empty.
Autopickup was on for '$!/="?' plus thrown, with exceptions.

Final Characteristics:

Your strength was 12 (limit:18/50).
Your dexterity was 10 (limit:18).
Your constitution was 17 (peak:18, limit:18).
Your intelligence was 8 (limit:19).
Your wisdom was 14 (limit:18).
Your charisma was 17 (limit:18).

Final Status:

You were hungry.
You were unencumbered.
You were empty handed.
You were unskilled in bare handed combat.

Final Attributes:

You were piously aligned.
You were fire resistant.
You were cold resistant.
You were poison resistant.
You saw invisible.
You had infravision.
You were invisible to others.
You had a large defense bonus (+11).
You were protected.
You are dead.

Miscellaneous:
You never encountered a bones level.
Total elapsed playing time was 4 hours, 22 minutes and 37 seconds.

Major events:

Turn

1: spontiff the neutral male gnomish Healer entered the dungeon
2121: entered the Gnomish Mines
3351: reached Mine Town
14883: entered Sokoban
16626: killed by a gnome, while frozen by a floating eye's gaze

Vanquished creatures:

5 small mimics
a large cat
a red naga
an ettin zombie
3 watchmen
a giant beetle
19 leprechauns
an orc-captain
a giant spider
a brown pudding
a lizard
a snake
2 human zombies
a bugbear
a quasit
a Mordor orc
2 rock piercers
4 rock moles
2 ponies
2 fog clouds
2 yellow lights
4 shriekers
3 gnome leaders
a gnomish wizard
a kobold mummy
3 gray oozes
2 elf zombies
a straw golem
2 paper golems
12 giant ants
3 little dogs
a floating eye
12 dwarves
5 homunculi
5 kobold leaders
a kobold shaman
4 hill orcs
5 rothes
2 giant bats
5 orc zombies
4 dwarf zombies
2 wererats
a werejackal
11 iguanas
5 acid blobs
11 coyotes
2 gas spores
13 hobbits
9 manes
5 large kobolds
6 hobgoblins
6 giant rats
4 cave spiders
5 brown molds
10 yellow molds
2 green molds
2 red molds
15 gnomes
4 garter snakes
5 gnome zombies
20 geckos
20 jackals
11 foxes
2 kobolds
15 goblins
8 sewer rats
27 grid bugs
a bat
30 lichens
6 kobold zombies
23 newts
410 creatures vanquished.
No species were genocided or became extinct.

Voluntary challenges:

You never hit with a wielded weapon.
You were a pacifist.
You read items or engraved 3 times.
You never engraved Elbereth.
You never genocided any monsters.
You never polymorphed an object.
You never changed form.
You used no wishes.
You did not violate any of the special Sokoban rules.

Achievements:

You entered a shop.
You entered the Gnomish Mines.
You entered Minetown.
You entered a temple.
You entered Sokoban.

The Dungeons of Doom: levels 1 to 11

   Level 1: "Stashlet"
Level 2:
A general store.
Level 3:
Some fountains.
Stairs down to The Gnomish Mines.
Level 4:
A fountain.
Level 5:
A scroll shop, some fountains.
Level 6:
Level 7:
A jewelers.
Level 8:
Many fountains.
Level 9:
Many fountains.
Oracle of Delphi.
Level 10: <- You were here.
A grave.
Stairs up to Sokoban, level 9.
Final resting place for
you, killed by a gnome, while frozen by a floating eye's gaze.
Level 11:
A fountain.

The Gnomish Mines: levels 4 to 8

   Level 4: "magic traps"
Level 5:
Level 6:
Level 7: "Polytrap below"
Many shops, a temple to Hermes, some fountains, some trees.
Level 8:

Sokoban:

   Level 9:
Unsolved.

Game over:

----------
/ \
/ REST \
/ IN \
/ PEACE \
/ \
| spontiff |
| 631 Au |
| killed by a |
| gnome |
| |
| |
| 2022 |
*| * * * | *
_________)/\\_//(\/(/\)/\//\/|_)_______

Goodbye spontiff the Healer...


You died in The Dungeons of Doom on dungeon level 10 with 500 points,
and 631 pieces of gold, after 16626 moves.
You were level 1 with a maximum of 39 hit points when you died.